 Dungeon Crawl Stone Soup version 0.27.1-34-g3ba077fa99 (webtiles) character file.

Game seed: 15945399288838417173

78 cbfl8 the Sneak (level 4, 0/40 HPs)
             Began as a Minotaur Delver on Jan 14, 2022.
             Slain by an orc (1 damage)
             ... on level 2 of the Dungeon.
             The game lasted 00:06:58 (1427 turns).

cbfl8 the Sneak (Minotaur Delver)                   Turns: 1427, Time: 00:06:58

Health: 0/40       AC:  5    Str: 16    XL:     4   Next: 15%
Magic:  3/3        EV: 11    Int:  8    God:
Gold:   48         SH:  0    Dex: 12    Spells: 3/3 levels left

rFire    . . .     SeeInvis .   w - +2 dagger (vamp)
rCold    + . .     Faith    .   (no shield)
rNeg     . . .     Spirit   .   j - +0 ring mail
rPois    .         Reflect  .   (helmet restricted)
rElec    .         Harm     .   (no cloak)
rCorr    .         Rampage  .   (no gloves)
Will     .....                  (no boots)
Stlth    ++........             (no amulet)
HPRegen  0.13/turn              h - ring of protection from cold
MPRegen  0.08/turn              i - +4 ring of slaying

@: no status effects
A: horns 2, retaliatory headbutt
a: no special abilities


You were on level 2 of the Dungeon.
You visited 1 branch of the dungeon, and saw 5 of its levels.

You collected 48 gold pieces.

Inventory:

Hand Weapons
 a - a +0 hand axe
 n - a +0 dagger
 w - a +2 vampiric dagger (weapon)
Armour
 b - a +0 leather armour
 j - a +0 ring mail (worn)
 s - a +0 plate armour
Jewellery
 h - a ring of protection from cold (left hand)
 i - a +4 ring of slaying (right hand)
 m - a ring of magical power
Wands
 g - a wand of digging (3)
Scrolls
 d - a scroll of magic mapping
 e - a scroll of fear
 k - 5 scrolls of identify {unknown}
 l - a scroll of acquirement {unknown}
 p - a scroll of teleportation {unknown}
 r - a scroll of enchant weapon {unknown}
Potions
 f - a potion of haste
 o - 2 potions of heal wounds {unknown}
 q - a potion of magic {unknown}
 t - a potion of attraction {unknown}
 u - 2 potions of degeneration {unknown}
 v - a potion of might {unknown}
 x - a potion of curing {unknown}


   Skills:
 + Level 3.8 Fighting
 + Level 0.2 Short Blades
 + Level 3.5 Axes
 + Level 1.3 Armour
 + Level 2.4 Dodging
 + Level 4.7 Stealth


You had 3 spell levels left.
You didn't know any spells.
Your spell library was empty.

Dungeon Overview and Level Annotations

Branches:
Dungeon (5/15)
 Temple: D:4-7

Altars:

Shops:
D:1 *


Innate Abilities, Weirdness & Mutations

You have a pair of horns on your head.
You reflexively headbutt those who attack you in melee.


Message History

The gnoll hits you with a +0 flail! The gnoll hits you but does no damage.
You hit the gnoll. Your headbutt misses the gnoll.
The gnoll is moderately wounded.
The gnoll closely misses you. The gnoll barely misses you.
You hit the gnoll.
The gnoll is severely wounded.
The gnoll barely misses you. You furiously retaliate!
You headbutt the gnoll! The gnoll closely misses you.
You puncture the gnoll!
You feel better.
You kill the gnoll!
The gnoll misses you.
You have reached level 4!
You feel agile.
You hit the orc but do no damage. The gnoll closely misses you.
The orc barely misses you. The gnoll hits you with a +0 flail!
* * * LOW HITPOINT WARNING * * *
You hit the orc but do no damage. You headbutt the orc.
The orc is heavily wounded.
The gnoll hits you but does no damage. The rat closely misses you.
You furiously retaliate!
You headbutt the rat. The orc hits you but does no damage.
The gnoll barely misses you.
You hit the orc.
The orc is severely wounded.
The gnoll hits you with a +0 flail.
* * * LOW HITPOINT WARNING * * *
The rat bites you but does no damage. The orc hits you but does no damage.
The gnoll barely misses you.
You hit the orc but do no damage.
The orc is severely wounded.
The gnoll hits you with a +0 flail.
* * * LOW HITPOINT WARNING * * *
The rat bites you but does no damage. The orc closely misses you.
You furiously retaliate!
You headbutt the orc, but do no damage. The gnoll barely misses you.
You furiously retaliate!
You headbutt the gnoll!
You kill the gnoll!
There are no items here.
You can't go down here!
The gnoll closely misses you. The rat bites you but does no damage.
The orc hits you with a +0 whip.
You die...

#....$....... .....[...
###...o.?...## ##....#..
.....##rg....#######.##....
#####.##g...................
...##..#.##......#.####.....
##.....[.####...............
..>....§...§o............>..
........§.##g§............).
.........§o@§§........###.[.
.........§##r...............
..<.........§§..........####
..........#.............
.........##............
...#####.# ........### ###
..# ....... ..# .......


You could see a gnoll, 2 orcs and a rat.

Vanquished Creatures
  3 gnolls (D:2)
  An adder (D:2)
  A dart slug (D:1)
  5 endoplasms
  4 giant cockroaches
  4 goblins
  4 hobgoblins
  A ball python (D:1)
  3 bats
  2 frilled lizards (D:1)
  7 kobolds
  3 rats
38 creatures vanquished.

Vanquished Creatures (others)
  5 plants (D:4)
5 creatures vanquished.

Grand Total: 43 creatures vanquished

Notes
Turn   | Place    | Note
-------+----------+-------------------------------------------
     0 | D:5      | cbfl8 the Minotaur Delver began the quest for the Orb.
     0 | D:5      | Reached XP level 1. HP: 19/19 MP: 0/0
    99 | D:4      | Noticed a jelly
   355 | D:4      | Noticed an iguana
   808 | D:2      | Reached XP level 2. HP: 27/27 MP: 1/1
   938 | D:1      | Found Miner's General Store.
   970 | D:1      | Reached XP level 3. HP: 33/33 MP: 2/2
  1418 | D:2      | Reached skill level 1 in Armour
  1423 | D:2      | Reached XP level 4. HP: 21/40 MP: 3/3
  1426 | D:2      | HP: 1/40 [gnoll (5)]
  1427 | D:2      | Slain by an orc

Illustrated notes

Levels and vault maps discovered:
D:1:      eino_arrival_druids_welcome, layout_basic, serial_shops,
          nicolae_shop_crystal
D:2:      minmay_evil_eye, layout_rooms, ebering_ecumenical_altar_ruins
D:3:      layout_basic, chequers_temple_overflow_statue_of_worship,
          gammafunk_ghost_cemetery
D:4:      layout_basic, tgw_xom, minmay_temple_entry_overgrown, lightli_minifort
D:5:      layout_loops_ring, uniq_eustachio

Skill      XL: |  1  2  3 |
---------------+----------+-----
Axes           | 3 |  3.5
Armour         | 1 |  1.3
Fighting       | |  3.8
Short Blades   | |  0.2
Dodging        | |  2.4
Stealth        | |  4.7

Action                   |  1- 3 |  4- 6 || total
-------------------------+-------+-------++-------
Melee: Hand axe          |    28 |       ||    28
       Headbutt          |     9 |     1 ||    10
       Dagger            |    27 |     4 ||    31
  Use: Scroll            |     1 |       ||     1
 Stab: Sleeping          |     2 |       ||     2
Armor: Ring mail         |    26 |     6 ||    32
Dodge: Dodged            |    44 |     8 ||    52
